Map: Catalyst LE

Players

LaFantome - Winner!

  • Race: Zerg Zerg
  • League: Diamond
  • Spawn Location: 11:00

Deucalion

  • Race: Protoss Protoss
  • League: Master
  • Spawn Location: 5:00

VOD

Have the link to the VOD?

Description

Time

  • Played on: April 27, 2018, 10:53 a.m.
  • Length: 3:29
Show
View Real Time Build Order
Export as new Build Order

LaFantome Zerg - Winner!

Build Orders: Hatch First 

Get SALT Encoding   

  12  0:01  Drone  
  13  0:13  Overlord  
  13  0:17  Drone  
  14  0:31  Drone x2  
  16  0:50  Hatchery  
  16  0:53  Drone  
  16  0:56  Drone  
  17  1:00  Drone  
  18  1:11  Extractor  
  17  1:16  Spawning Pool  
  16  1:19  Drone  
  16  1:22  Drone  
  18  1:28  Drone  
  19  1:39  Drone  
  20  1:50  Hatchery  
  20  1:53  Drone  
  20  2:02  Drone x2  
  22  2:09  Queen  
  22  2:14  Drone  
  25  2:18  Overlord  
  25  2:28  Zergling x2  
  27  2:30  Zergling x2  
  27  2:38  Drone x2  
  29  2:44  Drone  
  29  2:45  Queen  
  32  3:05  Zergling x6  
  33  3:06  Zergling x2  
  33  3:07  Spore Crawler  
  33  3:09  Spore Crawler  
  33  3:10  Spine Crawler  
  33  3:23  Spore Crawler  
Show
View Real Time Build Order
Export as new Build Order

Deucalion Protoss 

Build Orders: Dark Templar Rush 

Get SALT Encoding   

  12  0:00  Probe  
  13  0:16  Pylon  
  13  0:18  Probe  
  14  0:27  Probe  
  14  0:35  Probe, Gateway  
  16  0:45  Assimilator  
  16  0:46  Probe  
  17  0:58  Probe  
  18  1:04  Assimilator  
  18  1:10  Probe  
  19  1:22  Probe  
  19  1:23  Cybernetics Core  
  20  1:25  Pylon  
  20  1:33  Pylon  
  20  1:34  Probe  
  21  1:46  Probe  
  22  1:51  Zealot  
  24  1:59  Twilight Council  
  24  2:03  Probe  
  25  2:18  Stalker  
  27  2:28  Gateway  
  27  2:39  Dark Shrine  
  27  2:46  Gateway  
  27  2:55  Gateway  
Tags
 
Add a new tag
Caveats
  • Supply blocks, unpowered buildings, or Contaminate may cause inaccurate times.
  • Supply counts are checked every 10 seconds.